 Dungeon Crawl Stone Soup version 0.25-a0-36-g303dd5b1f4 (webtiles) character file.

Game seed: 14550993026408717506, levelgen mode: deterministic

186 Fingolfin the Magician (level 5, -7/35 HPs)
             Began as a Mummy Wizard on Oct 20, 2019.
             Mangled by Crazy Yiuf
             ... wielding a +4 quarterstaff of chaos
              (16 damage)
             ... on level 2 of the Dungeon.
             The game lasted 00:06:22 (2650 turns).

Fingolfin the Magician (Mummy Wizard)               Turns: 2650, Time: 00:06:23

Health: -7/35      AC:  2    Str: 10    XL:     5   Next: 38%
Magic:  6/11       EV: 11    Int: 19    God:
Gold:   127        SH:  3    Dex: 10    Spells: 3/12 levels left

rFire    x . .     SeeInvis .   d - +3 dagger
rCold    + . .     Gourm    .   c - +0 buckler (curse)
rNeg     + + +     Faith    .   a - +0 robe
rPois    ∞         Spirit   .   b - +0 hat
rElec    .         Reflect  .   (no cloak)
rCorr    .         Harm     .   (no gloves)
MR       +....                  (no boots)
Stlth    ++........             (no amulet)
HPRegen  0.11/turn              h - ring of protection from magic
MPRegen  0.12/turn              (no ring)

@: very slightly contaminated
A: no food or potions, fire vulnerability, cold resistance 1, negative energy
resistance 3, torment resistance, unbreathing
a: no special abilities


You were on level 2 of the Dungeon.
You were not hungry.

You visited 1 branch of the dungeon, and saw 4 of its levels.

You collected 127 gold pieces.

Inventory:

Hand Weapons
 d - a +3 dagger (weapon)
Armour
 a - a +0 robe (worn)
 b - a +0 hat (worn)
 c - a cursed +0 buckler (worn)
Jewellery
 h - a ring of protection from magic (left hand)
Scrolls
 e - 2 scrolls of remove curse {unknown}
 f - 3 scrolls of identify {unknown}
 g - a scroll of immolation {unknown}
 i - a scroll of noise {unknown}
 j - a scroll of enchant armour {unknown}


   Skills:
 - Level 1.5 Dodging
 - Level 1.5 Stealth
 - Level 4.0 Spellcasting
 + Level 3.0 Conjurations
   Level 0.7 Summonings
 + Level 1.6 Translocations
 + Level 1.3 Fire Magic
 + Level 1.2 Air Magic
 + Level 1.2 Poison Magic


You had 3 spell levels left.
You knew the following spells:

 Your Spells              Type           Power        Failure   Level  Hunger
a - Magic Dart            Conj           ###.         7%          1    N/A
b - Blink                 Tloc           N/A          17%         2    N/A
c - Conjure Flame         Conj/Fire      ##......     28%         3    N/A
d - Mephitic Cloud        Conj/Pois/Air  ##......     32%         3    N/A

Your spell library contained the following spells:

 Spells                   Type           Power        Failure   Level  Hunger
 Call Imp                 Summ           #.......     26%         2    N/A
 Slow                     Hex            #.......     34%         2    N/A

Dungeon Overview and Level Annotations

Branches:
Dungeon (4/15)
 Temple: D:4-7

Altars:
Trog

Annotations:
D:2 Crazy Yiuf


Innate Abilities, Weirdness & Mutations

You do not eat or drink.
Your flesh is vulnerable to fire.
You are immune to poison.
Your flesh is cold resistant. (rC+)
You are immune to negative energy. (rN+++)
You are immune to unholy pain and torment.
You can survive without breathing.


Message History

You hit Crazy Yiuf but do no damage.
Crazy Yiuf is lightly wounded.
You hit Crazy Yiuf.
Crazy Yiuf is lightly wounded.
You hit Crazy Yiuf.
Crazy Yiuf is moderately wounded.
You hit Crazy Yiuf.
Crazy Yiuf is heavily wounded.
You hit Crazy Yiuf.
Crazy Yiuf is heavily wounded.
You catch the helpless Crazy Yiuf completely off-guard!
You hit Crazy Yiuf.
Crazy Yiuf is severely wounded.
You hit Crazy Yiuf.
Crazy Yiuf is severely wounded.
Crazy Yiuf seems less confused.
You block Crazy Yiuf's attack.
You hit Crazy Yiuf.
Crazy Yiuf is almost dead.
Crazy Yiuf hits you with a +4 quarterstaff of chaos!
You die...

#.....#####..# #.#
#......# #.....#
##.###.##########
#....)#
#.......[..#
#.....##
##################
#....†.# #......
#.....## ##.####
#.....# #####
♣♣###.# #.....#
#)..#♣♣ ♣♣P....#
#.....#
#..@g.♣♣♣♣......#
#.....#
#...#♣..♣.PP...##
#######
#####♣♣♣.♣.P..##
♣♣♣♣♣###


You could see Crazy Yiuf.

Vanquished Creatures
  An ogre (D:2)
  5 adders (D:2)
  An ooze (D:1)
  3 dart slugs
  6 bats
  4 giant cockroaches
  4 goblins
  7 hobgoblins
  A jackal (D:2)
  2 quokkas
  A frilled lizard (D:2)
  8 kobolds
  9 rats
  A fungus (D:2)
53 creatures vanquished.

Notes
Turn   | Place    | Note
-------+----------+-------------------------------------------
     0 | D:1      | Fingolfin the Mummy Wizard began the quest for the Orb.
     0 | D:1      | Reached XP level 1. HP: 13/13 MP: 5/5
   217 | D:1      | Reached skill level 1 in Conjurations
   298 | D:1      | Reached XP level 2. HP: 13/19 MP: 0/7
   302 | D:1      | Learned a level 2 spell: Blink
   847 | D:1      | Reached XP level 3. HP: 17/24 MP: 8/8
   854 | D:1      | Learned a level 3 spell: Conjure Flame
   858 | D:1      | Learned a level 3 spell: Mephitic Cloud
  1366 | D:2      | Reached skill level 1 in Translocations
  1547 | D:2      | Noticed an ogre
  1559 | D:2      | Killed an ogre
  1559 | D:2      | Reached skill level 1 in Fire Magic
  1559 | D:2      | Reached skill level 1 in Air Magic
  1559 | D:2      | Reached skill level 1 in Poison Magic
  1559 | D:2      | Reached XP level 4. HP: 4/30 MP: 3/10
  1869 | D:2      | Reached XP level 5. HP: 28/35 MP: 6/11
  2468 | D:2      | You fall into a shaft and drop 2 floors!
  2468 | D:4      | Found a bloodstained altar of Trog.
  2633 | D:2      | Found a runed translucent door.
  2634 | D:2      | Noticed Crazy Yiuf
  2650 | D:2      | Mangled by Crazy Yiuf

Levels and vault maps discovered:
D:1:      dpeg_cavernosity, layout_rooms, minmay_misc_feat_plants
D:2:      layout_rooms, uniq_crazy_yiuf_cottage
D:3:      layout_rooms, grunt_qazlal_clouds, minmay_fractal_squares_gapless_5
D:4:      layout_cave_pools, bloody_trog, serial_shops, shop, first_ration

Skill      XL: |  1  2  3  4  5 |
---------------+----------------+-----
Conjurations   | 1 2 3 |  3.0
Translocations | 1 |  1.6
Fire Magic     | 1 |  1.3
Air Magic      | 1 |  1.2
Poison Magic   | 1 |  1.2
Dodging        | |  1.5
Stealth        | |  1.5
Spellcasting   | |  4.0
Summonings     | |  0.7

Action                   |  1- 3 |  4- 6 || total
-------------------------+-------+-------++-------
Melee: Dagger            |    51 |    77 ||   128
 Cast: Magic Dart        |    61 |    31 ||    92
       Mephitic Cloud    |       |     1 ||     1
 Stab: Sleeping          |     2 |     1 ||     3
       Confused          |       |     1 ||     1
Armor: Robe              |    18 |     9 ||    27
Dodge: Dodged            |    38 |    35 ||    73
Block: Buckler           |     6 |     5 ||    11

Table legend:
 A = Non-vault XP
 B = Vault XP
 C = Vault XP percentage of total XP
 D = Non-vault monster count
 E = Vault monster count
 F = Vault count percentage of total count
                 A         B        C        D         E       F
            +---------+---------+-------+---------+---------+-------
      Total |     260 |       6 |   2.3 |      48 |       4 |   7.7
            +---------+---------+-------+---------+---------+-------
        D:1 |      42 |       6 |  12.5 |      21 |       4 |  16.0
        D:2 |     216 |       0 |   0.0 |      26 |       0 |   0.0
        D:4 |       2 |       0 |   0.0 |       1 |       0 |   0.0
            +---------+---------+-------+---------+---------+-------
